 Dungeon Crawl Stone Soup version 0.28.0-49-g6dfe1f597d (webtiles) character file.

Game seed: 2855191431086993041

121 pkoi the Insei (level 4, -1/32 HPs)
             Began as a Demigod Gladiator on May 16, 2022.
             Slain by a gnoll
             ... wielding a +0 halberd
              (6 damage)
             ... on level 2 of the Dungeon.
             The game lasted 00:06:07 (3140 turns).

pkoi the Insei (Demigod Gladiator)                  Turns: 3140, Time: 00:06:07

Health: -1/32      AC: 10    Str: 17    XL:     4   Next: 48%
Magic:  6/6        EV:  7    Int: 10    God:
Gold:   29         SH:  6    Dex: 19    Spells: 3/3 levels left

rFire   . . .      SeeInvis .     - Unarmed
rCold   . . .      Faith    .   k - +2 buckler
rNeg    . . .      Spirit   .   f - +0 chain mail
rPois   +          Reflect  .   b - +0 helmet
rElec   .          Harm     .   (no cloak)
rCorr   .          Rampage  .   i - +0 pair of gloves
Will    .....                   (no boots)
Stlth   ..........              d - amulet of the acrobat
HPRegen 0.10/turn               h - ring of poison resistance
MPRegen 0.10/turn               (no ring)

@: no status effects
A: high MP 1, forlorn, divine attributes, frail 1, strong 1
a: no special abilities


You were on level 2 of the Dungeon.
You visited 1 branch of the dungeon, and saw 3 of its levels.

You collected 59 gold pieces.
You spent 30 gold pieces at shops.

Inventory:

Hand Weapons
 j - a +0 dagger of flaming
Missiles
 c - 3 throwing nets (quivered)
Armour
 a - a +0 leather armour
 b - a +0 helmet (worn)
 f - a +0 chain mail (worn)
 i - a +0 pair of gloves (worn)
 k - a +2 buckler (worn)
Jewellery
 d - an amulet of the acrobat (around neck)
 h - a ring of poison resistance (left hand)
Scrolls
 e - 2 scrolls of teleportation
Potions
 g - a potion of berserk rage {unknown}


   Skills:
 + Level 1.8 Fighting
 - Level 1.7 Throwing
 + Level 0.1 Armour
 + Level 2.7 Dodging
 + Level 0.2 Shields
 * Level 4.9 Unarmed Combat


You had 3 spell levels left.
You didn't know any spells.
Your spell library was empty.

Dungeon Overview and Level Annotations

Branches:
Dungeon (3/15)

Shops:
D:3 ?**


Innate Abilities, Weirdness & Mutations

You have an increased reservoir of magic. (+10% MP)
You shall have no god before yourself.
Your divine heritage dramatically boosts your attributes as you level up.
You are frail. (-10% HP)
Your muscles are strong. (Str +2)


Message History

You are too injured to fight recklessly!
You are too injured to fight recklessly!
Unknown command.
You block the gnoll's attack. The gnoll completely misses you.
There is a stone staircase leading up here.
The gnoll hits you with a +0 halberd!
* * * LOW HITPOINT WARNING * * *
You block the gnoll's attack. The orc hits you with a +0 club.
* * * LOW HITPOINT WARNING * * *
You climb upwards.
There is a stone staircase leading down here.
Unknown command.
Unknown command.
You barely miss the orc.
The orc is heavily wounded.
The gnoll hits you but does no damage. The orc hits you with a +0 club.
* * * LOW HITPOINT WARNING * * *
You hit the orc.
You kill the orc!
The gnoll hits you but does no damage.
Unknown command.
You closely miss the gnoll. The gnoll hits you with a +0 halberd.
* * * LOW HITPOINT WARNING * * *
You hit the gnoll.
The gnoll is lightly wounded.
The gnoll closely misses you.
You hit the gnoll.
The gnoll is moderately wounded.
The gnoll hits you with a +0 halberd.
* * * LOW HITPOINT WARNING * * *
You completely miss the gnoll.
The gnoll is moderately wounded.
You block the gnoll's attack.
You hit the gnoll but do no damage.
The gnoll is moderately wounded.
The gnoll hits you but does no damage.
You hit the gnoll.
The gnoll is heavily wounded.
The gnoll hits you with a +0 halberd.
You die...

#.####.####### #..
##.#......_...# #..
####....##.##.##.# #######.
#.>..(..##.##.##.####..>....
#.##.......##.........#.###.
#.##.##[##.#####.####.#.###.
#.##.##<##.......# #.....#.
#.##.##.########### #.#...#.
#.##.##.###@).....# #.#.....
#........##.g.....# #.......
##.#.###.##.......###.##..##
#.#.###.##...........##....
#.#..##.##.......######.###
#.##.##.##.......# ###.#
#.......##.......# #...#
####)############# #.### #.#
#.#


You could see a gnoll.

Vanquished Creatures
  Terence (D:2)
  A gnoll (D:2)
  3 adders (D:3)
  A worm (D:2)
  A dart slug (D:1)
  4 orcs
  4 ball pythons
  8 endoplasms
  A giant cockroach (D:2)
  A goblin (D:1)
  3 hobgoblins (D:2)
  6 jackals (D:2)
  2 quokkas
  2 bats
  A frilled lizard (D:1)
  4 kobolds
  6 rats
49 creatures vanquished.

Notes
Turn   | Place    | Note
-------+----------+-------------------------------------------
     0 | D:1      | pkoi the Demigod Gladiator began the quest for the Orb.
     0 | D:1      | Reached XP level 1. HP: 17/17 MP: 3/3
    77 | D:1      | Reached skill level 3 in Unarmed Combat
   499 | D:1      | Reached XP level 2. HP: 24/24 MP: 4/4
   784 | D:2      | Noticed Terence
   837 | D:2      | Killed Terence
   838 | D:2      | Reached skill level 4 in Unarmed Combat
   838 | D:2      | Reached XP level 3. HP: 8/29 MP: 5/5
  1186 | D:2      | Gained mutation: Your muscles are strong. (Str +2) [potion
                  | of mutation]
  1186 | D:2      | Gained mutation: You are frail. (-10% HP) [potion of
                  | mutation]
  1872 | D:3      | Reached XP level 4. HP: 16/32 MP: 6/6
  2264 | D:3      | Found Juukhle's Assorted Antiques.
  2275 | D:3      | Found Geezu's Magic Scroll Shoppe.
  2632 | D:3      | Bought a scroll of teleportation for 30 gold pieces
  2638 | D:3      | Found Ankeuti's General Store.
  3140 | D:2      | Slain by a gnoll

Illustrated notes

Levels and vault maps discovered:
D:1:      enne_arrival_octagon_isle, layout_rooms
D:2:      layout_loops_cross, basic_ecumenical_altar, uniq_terence
D:3:      layout_loops_cross, serial_shops, nicolae_square_shop, shop, shop

Skill      XL: |  1  2 |
---------------+-------+-----
Unarmed Combat | 3 4 |  4.9
Fighting       | |  1.8
Throwing       | |  1.7
Armour         | |  0.1
Dodging        | |  2.7
Shields        | |  0.2

Action                   |  1- 3 |  4- 6 || total
-------------------------+-------+-------++-------
Melee: Unarmed           |   123 |    47 ||   170
       Punch             |     4 |       ||     4
  Use: Potion            |     2 |       ||     2
       Scroll            |     1 |       ||     1
Armor: Chain mail        |    33 |    19 ||    52
       Leather armour    |     2 |       ||     2
Dodge: Dodged            |    67 |    22 ||    89
Block: Buckler           |       |     8 ||     8
